 Dungeon Crawl Stone Soup version 0.20.1-1-g8b1a95d (webtiles) character file.

50 Irenicus the Slasher (level 3, -1/34 HPs)
             Began as a Deep Dwarf Chaos Knight on Oct 8, 2017.
             Slain by a hornet (7 damage)
             ... on level 3 of the Dungeon.
             The game lasted 00:05:40 (1587 turns).

Irenicus the Slasher (Deep Dwarf Chaos Knight)      Turns: 1587, Time: 00:05:40

Health: -1/34      AC:  6    Str: 15    XL:     3   Next: 55%
Magic:  3/3        EV: 11    Int: 12    God:    Xom [..*...]
Gold:   188        SH:  3    Dex: 11    Spells: 2/2 levels left

rFire    . . .     SeeInvis .   a - +0 falchion (chaos)
rCold    . . .     Gourm    .   h - +0 buckler
rNeg     . . .     Faith    .   b - +2 leather armour
rPois    .         Spirit   .   (no helmet)
rElec    .         Reflect  .   d - +0 cloak
rCorr    +         Harm     .   (no gloves)
MR       .....                  (no boots)
Stlth    +.........             (no amulet)
Regen    0.0/turn               o - ring of resist corrosion
MPRegen  0.1/turn               (no ring)

@: non-regenerating, slowed, very slow
A: damage resistance, heal wounds, clumsy 1, sense surroundings 1, screaming 1,
no regeneration
a: Heal Wounds, Renounce Religion


You were on level 3 of the Dungeon.
You worshipped Xom.
You were a toy of Xom.
You were not hungry.

You visited 1 branch of the dungeon, and saw 3 of its levels.

You collected 188 gold pieces.

Inventory:

Hand Weapons
 a - a +0 falchion of chaos (weapon)
 r - a +0 hunting sling
Missiles
 g - 63 stones (quivered)
 u - 44 sling bullets
Armour
 b - a +2 leather armour (worn)
 d - a +0 cloak (worn)
 h - a +0 buckler (worn)
Jewellery
 o - a ring of resist corrosion (left hand)
Scrolls
 f - 2 scrolls of enchant armour {unknown}
 i - a scroll of remove curse {unknown}
 k - a scroll of magic mapping {unknown}
 l - a scroll of enchant weapon {unknown}
 m - 3 scrolls of identify {unknown}
 n - a scroll of amnesia {unknown}
 t - a scroll of teleportation {unknown}
Potions
 e - a potion of heal wounds {unknown}
 q - a potion of curing
 s - a potion of haste {unknown}
Comestibles
 c - 2 bread rations
 p - a meat ration


   Skills:
 - Level 3.0 Fighting
 + Level 4.0 Long Blades
 - Level 2.1 Armour
 - Level 1.1 Dodging
 - Level 1.0 Stealth
 + Level 0.9 Shields


You had 2 spell levels left.
You didn't know any spells.

Dungeon Overview and Level Annotations

Branches:
Dungeon (3/15)

Altars:


Innate Abilities, Weirdness & Mutations

You are resistant to damage.
You can heal yourself by infusing magical energy.
You passively map a small area around you.
You do not regenerate.
You are clumsy. (Dex -2)
You occasionally shout uncontrollably at your foes.


Message History

You feel as though you will be slow longer.
It was a potion of curing.
You feel better. The hornet stings you!
* * * LOW HITPOINT WARNING * * *
You are poisoned.
You feel as though you will be slow longer.
The hornet stings you!
You die... "Oh, no, you don't!"
Xom revives you!
You suddenly lose the ability to move!
You can move again.
You feel better.
The hornet barely misses you. x2; The hornet stings you!
* * * LOW HITPOINT WARNING * * *
You feel as though you will be slow longer.
It was a potion of magic.
Magic courses through your body.
Xom thinks this is hilarious!
The hornet stings you but does no damage.
The hornet stings you!
You die...
Xom laughs nastily!

, *** #.## ###.###,
######..######.....#
...................+>
,
..#...#..#####.#####
, ,,#...##.# #... , ,
* #...##.# ##### ,
#......# , ,#..b...#
* #....@.## *
##...y..# ###....# ,
...(.b.# * ###...#.#
* ##...#..# ,
#..[....#* #..(....#
#....(..## *,


You could see a hornet.

Vanquished Creatures
  An adder (D:2)
  A worm (D:2)
  A dart slug (D:1)
  A leopard gecko (D:1)
  A ball python (D:1)
  3 bats
  A giant cockroach (D:1)
  5 goblins
  4 hobgoblins
  3 jackals (D:2)
  3 kobolds
  5 frilled lizards
  5 rats
34 creatures vanquished.

Vanquished Creatures (collateral kills)
  A bat (D:1)
1 creature vanquished.

Grand Total: 35 creatures vanquished

Notes
Turn   | Place    | Note
-------+----------+-------------------------------------------
     0 | D:1      | Irenicus the Deep Dwarf Chaos Knight began the quest for the Orb.
     0 | D:1      | Reached XP level 1. HP: 20/20 MP: 1/1
   133 | D:1      | XOM: give mutations
   133 | D:1      | Gained mutation: You are clumsy. (Dex -2) [Xom's mischief]
   133 | D:1      | Gained mutation: You occasionally shout uncontrollably at your foes. [Xom's mischief]
   165 | D:1      | Reached XP level 2. HP: 25/28 MP: 2/2
   196 | D:1      | XOM: god gift: 58 gold pieces
   463 | D:1      | XOM: mild Air miscast
   567 | D:1      | XOM: mild Summ miscast
   568 | D:1      | Noticed a spatial vortex
   640 | D:1      | XOM: cast spell 'Summon Dragon'
   693 | D:2      | Reached skill level 1 in Stealth
   693 | D:2      | Reached XP level 3. HP: 22/34 MP: 3/3
   832 | D:2      | XOM: cloud trail
  1194 | D:2      | XOM: divination: detect creatures
  1454 | D:3      | Noticed a hornet
  1454 | D:3      | XOM: confuse monster(s)
  1481 | D:2      | Reached skill level 4 in Long Blades
  1486 | D:2      | XOM: harmless Hex miscast
  1584 | D:3      | XOM: butterfly on damage
  1585 | D:3      | Xom revived you
  1585 | D:3      | Paralysed by a hornet for 1 turns
  1587 | D:3      | Slain by a hornet

Skill      XL: |  1  2  3 |
---------------+----------+-----
Fighting       | 3 |  3.0
Stealth        | 1 |  1.0
Long Blades    | 4 |  4.0
Armour         | |  2.1
Dodging        | |  1.1
Shields        | |  0.9

Action                   || total
-------------------------++-------
Melee: Falchion          ||    68
 Fire: Hunting sling     ||    21
  Use: Potion            ||     3
  Eat: Bread ration      ||     1
Armor: Leather armour    ||    25
Dodge: Dodged            ||    39
Block: Buckler           ||     5
       Rpst.: Falchion   ||    11
